 Dungeon Crawl Stone Soup version 0.19-a0-1025-g778f431 (webtiles) character file.

37 ololoev the Skirmisher (level 3, 0/33 HPs)
             Began as a Hill Orc Fighter on July 28, 2016.
             Slain by Sigmund
             ... wielding a +0 scythe
              (1 damage)
             ... on level 3 of the Dungeon.
             The game lasted 00:01:57 (410 turns).

ololoev the Skirmisher (Hill Orc Fighter)            Turns: 410, Time: 00:01:57

Health: 0/33       AC:  6    Str: 17 (19) XL:     3   Next: 41%
Magic:  3/3        EV:  7    Int: 14 (15) God:
Gold:   21         SH:  8    Dex: 10 (12) Spells: 0 memorised, 2 levels left

rFire  . . .     SeeInvis .     a - +0 war axe
rCold  . . .     Gourm    .     b - +0 scale mail
rNeg   . . .     Faith    .     c - +0 shield
rPois  .         Spirit   .     (no helmet)
rElec  .         Dismiss  .     (no cloak)
rCorr  .         Reflect  .     (no gloves)
SustAt .         Harm     .     (no boots)
MR     .....                    (no amulet)
Stlth  ..........               (no ring)
                                (no ring)

@: brilliant, not resistant to hostile enchantments, extremely unstealthy
A: agile 1, clever 1, deterioration 1
a: no special abilities


Innate Abilities, Weirdness & Mutations

You are agile. (Dex +2)
Your mind is acute. (Int +2)
Your body sometimes deteriorates upon taking damage.

Inventory:

Hand Weapons
 a - a +0 war axe (weapon)
Armour
 b - a +0 scale mail (worn)
 c - a +0 shield (worn)
Scrolls
 e - 2 scrolls of identify {unknown}
 j - a scroll of enchant armour {unknown}
 l - a scroll of immolation {unknown}
Potions
 d - a potion of might
 g - a potion of magic {unknown}
 i - a potion of brilliance
 k - a potion of mutation
Comestibles
 f - a bread ration
 m - a meat ration
 n - 4 fruits


   Skills:
 + Level 4.0 Fighting
 * Level 3.6 Axes
 + Level 3.5 Armour
 + Level 1.0 Dodging
 - Level 3.2 Shields


You had 2 spell levels left.
You didn't know any spells.


You were on level 3 of the Dungeon.
You were not hungry.

You visited 1 branch of the dungeon, and saw 3 of its levels.

You collected 21 gold pieces.

#.# ##..# #.# #
#.#######...##
.. #
#.....†......#
#########....##
#.....##.#
##.......#
##.####.# #.#
#@# #.# #.# #.#
#.# #.. #.# K..

Notes
Turn   | Place    | Note
-------+----------+-------------------------------------------
     0 | D:1      | ololoev the Hill Orc Fighter began the quest for the Orb.
     0 | D:1      | Reached XP level 1. HP: 19/19 MP: 1/1
    60 | D:2      | Found a glowing silver altar of Zin.
   147 | D:3      | Reached XP level 2. HP: 25/27 MP: 2/2
   311 | D:3      | Reached XP level 3. HP: 32/33 MP: 3/3
   346 | D:3      | Reached skill level 4 in Fighting
   364 | D:3      | Reached skill level 1 in Dodging
   405 | D:3      | Noticed Sigmund
   409 | D:3      | Goblin1989: кстати, зря сразу выбрасываешь ненужные вещи
   409 | D:3      | Gained mutation: You are agile. (Dex +2) [potion of mutation]
   409 | D:3      | Gained mutation: Your body sometimes deteriorates upon taking damage. [potion of mutation]
   409 | D:3      | Gained mutation: Your mind is acute. (Int +2) [potion of mutation]
   409 | D:3      | HP: 1/33 [something (7)]
   410 | D:3      | Slain by Sigmund

Dungeon Overview and Level Annotations

Branches:
Dungeon (3/15)

Altars:
Zin

Annotations:
D:3 Sigmund


Message History

The adder is severely wounded.
You feel sick. The adder bites you but does no damage. The adder misses you.
You closely miss the adder.
The adder is severely wounded.
You block the adder's attack. x2
You miss the adder.
The adder is severely wounded.
You feel sick. The adder closely misses you.
The adder bites you but does no damage.
You closely miss the adder.
The adder is severely wounded.
You block the adder's attack. x2
You closely miss the adder.
The adder is severely wounded.
The adder bites you.
You closely miss the adder.
The adder is severely wounded.
You feel sick. The adder closely misses you. The adder barely misses you.
Your shield and scale mail prevent you from hitting the adder.
The adder is severely wounded.
The adder bites you. The adder barely misses you.
You hit the adder.
You kill the adder!
Your Fighting skill increases to level 4!
You feel sick.
You now have 21 gold pieces (gained 17).
You feel sick.
You are no longer poisoned.
A kobold comes into view. It is wielding a short sword of venom.
The kobold shouts!
You see here 4 fruits.
n - 4 fruits The kobold throws a stone.
The stone barely misses you.
The kobold hits you with a short sword of venom.
You are poisoned.
Found 14 stones.
You slash the kobold!
You kill the kobold!
You feel sick.
You feel sick.
A kobold comes into view. It is wielding a dagger.
Things that are here:
a short sword of venom; a kobold corpse The kobold shouts!
You feel sick.
You barely miss the kobold. The kobold hits you but does no damage.
You block the kobold's attack.
You slash the kobold!
You kill the kobold!
Your Dodging skill increases to level 1!
You feel sick.
You see here a dagger.
You feel sick.
You feel sick.
You feel sick.
You are no longer poisoned.
Things that are here:
a short sword of venom; a kobold corpse A giant cockroach comes into view.
You slash the giant cockroach!
You kill the giant cockroach!
You see here a giant cockroach corpse.
Sigmund the Dreaded comes into view.
He is wielding a scythe.
Sigmund shouts!
Sigmund screams, "I am the angel of ZOT!!!"
Sigmund gestures wildly while chanting.
Sigmund flickers and vanishes!
Deactivating autopickup; reactivate with Ctrl-A.
It was a potion of brilliance.
You feel clever all of a sudden.
It was a potion of mutation.
You feel extremely strange.
You feel agile.
You feel yourself wasting away.
You feel clever. Something hits you!
A kobold comes into view. It is wielding a trident.
It was a potion of degeneration.
There was something very wrong with that liquid.
You feel weakened.
You feel dopey.
You feel clumsy.
The kobold shouts!
Something hits you.
You die...

You could see a kobold.

Vanquished Creatures
  An adder (D:3)
  2 dart slugs (D:3)
  An orc (D:3)
  A giant cockroach (D:3)
  2 hobgoblins
  6 kobolds
  A quokka (D:3)
  2 bats
  5 goblins
  A rat (D:3)
22 creatures vanquished.

Action                   || total
-------------------------++-------
Melee: War axe           ||    87
  Use: Potion            ||     3
Armor: Scale mail        ||    44
Dodge: Dodged            ||    43
Block: Shield            ||    57

Vault maps used:
D:1:      minmay_arrival_checkered_box
D:2:      zin_statuary, first_bread, minmay_pentomino_v2, uniq_jessica
D:3:      lemuel_coloured_pillars_altar, uniq_natasha, uniq_sigmund
